Map: 2000 Atmospheres LE

Players

Pfoe

  • Race: Terran Terran

A.I. 1 (Very Easy) - Winner!

  • Race: Protoss Protoss

VOD

Have the link to the VOD?

Description

Time

  • Played on: Aug. 10, 2021, 6:51 p.m.
  • Length: 9:19
Show
View Real Time Build Order
Export as new Build Order

Pfoe Terran 

Build Orders: Reaper Expand 

Get SALT Encoding   

  12  0:00  SCV  
  13  0:12  SCV  
  14  0:17  Supply Depot  
  14  0:24  SCV  
  15  0:38  SCV  
  15  0:40  Barracks  
  16  0:43  Refinery  
  16  0:50  SCV  
  17  1:03  SCV  
  18  1:15  SCV  
  19  1:27  Orbital Command, Reaper  
  20  1:40  Command Center  
  20  1:51  Supply Depot  
  20  1:53  SCV  
  21  1:59  Marine  
  22  2:05  SCV  
  22  2:08  Factory  
  23  2:17  SCV  
  23  2:19  Bunker  
  23  2:20  Barracks Reactor  
  24  2:24  Refinery  
  24  2:29  SCV  
  25  2:41  SCV  
  26  2:52  Orbital Command  
  26  2:53  SCV, Starport  
  26  2:57  Marine x2  
  29  2:59  Widow Mine  
  31  3:05  SCV  
  32  3:14  Marine x2  
  32  3:17  SCV  
  32  3:18  SCV  
  36  3:20  Widow Mine  
  36  3:22  Supply Depot  
  38  3:29  SCV  
  38  3:30  Medivac, SCV  
  38  3:33  Supply Depot, Marine  
  43  3:36  Marine  
  44  3:41  SCV  
  44  3:42  SCV  
  44  3:43  Refinery  
  44  3:46  Factory Tech Lab  
  46  3:51  Marine  
  46  3:53  SCV  
  46  3:54  Marine, SCV  
  50  4:00  Starport Tech Lab  
  50  4:05  SCV  
  50  4:06  SCV  
  50  4:07  Siege Tank  
  55  4:11  Supply Depot  
  55  4:17  Barracks  
  55  4:18  SCV x2  
  55  4:19  Barracks  
  55  4:23  Raven  
  59  4:30  SCV x2  
  59  4:31  Engineering Bay  
  61  4:40  Siege Tank  
  61  4:42  SCV x2, Refinery  
  61  4:44  Supply Depot  
  66  4:48  Marine x2  
  68  4:54  SCV  
  68  4:55  SCV  
  68  4:57  Terran Infantry Weapons Level 1  
  68  4:59  Supply Depot  
  70  5:04  Supply Depot, Barracks Tech Lab  
  70  5:09  SCV x2  
  70  5:13  Marine x3, Stimpack  
  75  5:17  Starport Reactor  
  75  5:21  SCV  
  76  5:25  Combat Shield  
  77  5:31  Marine x2  
  77  5:33  Supply Depot  
  77  5:34  Supply Depot, Marauder x2  
  82  5:39  Siege Tank  
  85  5:49  Supply Depot, Marine x2  
  87  5:53  Supply Depot  
  87  5:56  Marauder x2  
  91  5:58  Medivac  
  91  5:59  Medivac  
  95  6:07  Marine x2, Command Center  
  97  6:17  Marauder x2  
  101  6:22  Supply Depot  
  101  6:24  Supply Depot, Marine, Siege Tank  
  101  6:25  Marine  
  106  6:34  Medivac x2  
  110  6:40  Supply Depot  
  110  6:41  Supply Depot, Marauder x2  
  110  6:44  Marine x2  
  116  6:48  Concussive Shells  
  116  6:54  Terran Infantry Armor Level 1  
  116  7:01  Barracks  
  116  7:02  Barracks  
  116  7:09  Factory Reactor  
  116  7:12  Marauder, Marine x2  
  116  7:13  Marauder  
  122  7:17  SCV x2  
  122  7:20  Orbital Command  
  124  7:25  Armory, Engineering Bay  
  124  7:29  Marine  
  124  7:30  Marine  
  124  7:31  Medivac  
  124  7:34  Marauder x2  
  124  7:35  Medivac  
  124  7:36  Orbital Command  
  134  7:39  SCV x2  
  136  7:51  Marine, SCV x2  
  136  7:52  Marauder, Marine  
  136  7:53  Factory Reactor  
  142  8:00  Marauder, Marine  
  142  8:01  Marauder, Marine  
  142  8:03  SCV  
  142  8:04  SCV x2  
  151  8:11  Marine x2  
  153  8:15  SCV  
  153  8:16  SCV x2  
  153  8:18  Medivac x2, Marauder  
  162  8:23  Supply Depot  
  162  8:25  Supply Depot x2, Marauder, Marine x2  
  166  8:27  Marauder  
  166  8:28  SCV x3  
  171  8:37  Refinery  
  171  8:38  Marine x2, Refinery  
  173  8:42  Supply Depot  
  173  8:45  SCV x2  
  175  8:52  Marauder x2, Marine x2  
  175  8:53  Marauder  
  185  8:55  Widow Mine  
  185  8:57  Widow Mine  
  185  9:00  SCV x3  
  190  9:08  Ghost Academy  
Show
View Real Time Build Order
Export as new Build Order

A.I. 1 (Very Easy) Protoss - Winner!

Build Orders:  

Get SALT Encoding   

  12  0:00  Probe  
  13  0:13  Probe  
  14  0:19  Pylon  
  14  0:36  Assimilator  
  14  0:42  Gateway  
  14  0:45  Pylon  
  14  1:17  Assimilator  
  14  1:22  Zealot  
  14  1:23  Probe  
  14  1:31  Probe  
  17  1:33  Cybernetics Core  
  18  1:41  Probe  
  19  1:53  Probe  
  20  1:59  Warp Gate  
  20  2:02  Probe  
  21  2:10  Probe  
  22  2:46  Stalker  
  24  7:23  Probe  
  24  7:29  Adept  
  27  7:30  Pylon  
  27  7:31  Robotics Facility, Probe  
  27  7:34  Nexus  
  24  7:40  Probe  
  24  7:48  Probe  
  23  7:56  Probe  
  22  8:04  Probe  
  22  8:13  Probe  
  22  8:16  Observer  
  22  8:25  Probe  
  22  8:26  Stalker  
  24  8:31  Observer  
  23  8:37  Probe  
  23  8:49  Probe  
  22  9:01  Probe  
Tags
 
Add a new tag
Caveats
  • Supply blocks, unpowered buildings, or Contaminate may cause inaccurate times.
  • Supply counts are checked every 10 seconds.